 Dungeon Crawl Stone Soup version 0.31-a0-521-gc7390f8997 (webtiles) character file.

Game seed: 16409374868043110999

156 MisterAzrael the Slasher (level 5, -5/45 HPs)
             Began as a Minotaur Fighter on Aug 10, 2023.
             Was a Believer of Ru.
             Killed from afar by a steam dragon (12 damage)
             ... with a ball of steam
             ... on level 4 of the Dungeon.
             The game lasted 00:03:25 (2215 turns).

MisterAzrael the Slasher (Minotaur Fighter)         Turns: 2215, Time: 00:03:25

Health: -5/45      AC:  6    Str: 20 (22) XL:     5   Next: 14%
Magic:  4/4        EV:  8    Int:  2 (5)  God:    Ru [**....]
Gold:   49         SH:  8    Dex:  9 (10) Spells: 4/4 levels left

rFire   . . .        a - +0 long sword
rCold   . . .        t - +0 kite shield
rNeg    . . .        b - +0 scale mail
rPois   .            (helmet restricted)
rElec   .            (no cloak)
rCorr   .            (no gloves)
SInv    .            (no boots)
Will    +....        (no amulet) Stlth
                     s - +2 ring of slaying
HPRegen 0.27/turn    (no ring)
MPRegen 0.09/turn

%: no passive effects
@: enlightened, flying, invisible
A: horns 2, hated by all, retaliatory headbutt
a: Renounce Religion


You were on level 4 of the Dungeon.
You worshipped Ru.
Ru was pleased with you.
You visited 1 branch of the dungeon, and saw 4 of its levels.

You collected 259 gold pieces.
You spent 210 gold pieces at shops.

Inventory:

Hand Weapons
 a - a +0 long sword (weapon)
 p - the +1 dagger of Impatience {heavy, rF+ rC+++ Will- rCorr}
   (You found it on level 2 of the Dungeon)

   rF+:       It protects you from fire.
   rC+++:     It renders you almost immune to cold.
   Will-:     It decreases your willpower.
   rCorr:     It protects you from acid and corrosion.
Missiles
 i - 2 throwing nets
 n - 9 poisoned darts
Armour
 b - a +0 scale mail (worn)
 t - a +0 kite shield (worn)
Jewellery
 s - a +2 ring of slaying (left hand)
Scrolls
 e - a scroll of fear {unknown}
 f - a scroll of identify {unknown}
 h - a scroll of amnesia {unknown}
 k - a scroll of noise {unknown}
 l - a scroll of enchant armour {unknown}
 u - 3 scrolls of silence {unknown}
Potions
 d - 3 potions of might
 j - a potion of degeneration
 o - a potion of attraction {unknown}
 q - a potion of magic {unknown}
 r - a potion of curing {unknown}


   Skills:
 - Level 3.6 Fighting
 * Level 6.0 Long Blades
 + Level 1.8 Throwing
 - Level 3.6 Armour
 - Level 3.6 Shields


You had 4 spell levels left.
You didn't know any spells.
Your spell library contained the following spells:

 Spells                   Type           Power      Damage    Failure   Level
 Magic Dart               Conj           0%         1d3       99%         1
 Searing Ray              Conj           0%         2d4       100%        2
 Sublimation of Blood     Necr           0%         N/A       100%        2
 Wereblood                Tmut           0%         N/A       100%        2
 Inner Flame              Hex/Fire       0%         N/A       100%        3
 Flame Wave               Conj/Fire      0%         2d4       100%        4
 Fulminant Prism          Conj/Hex       0%         3d5       100%        4
 Sticky Flame             Conj/Fire      0%         2d3       100%        4
 Summon Hydra             Summ           Unusable   N/A       N/A         7

Dungeon Overview and Level Annotations

Branches:
Dungeon (4/15)
 Temple: D:4-7

Altars:
Ru

Shops:
D:3 =


Innate Abilities, Weirdness & Mutations

You have a pair of horns on your head.
You are hated by all.
You reflexively headbutt those who attack you in melee.


Message History

You are engulfed in a cloud of scalding steam.
Found a stone staircase leading up.
You are engulfed in a cloud of scalding steam.
The steam dragon barely misses you. You block the steam dragon's attack.
You closely miss the steam dragon.
The steam dragon bites you but does no damage.
The steam dragon claws you but does no damage.
You slash the steam dragon!
You headbutt the steam dragon, but do no damage.
The steam dragon is moderately wounded.
The steam dragon bites you.
The steam dragon claws you but does no damage.
You closely miss the steam dragon. You headbutt the steam dragon.
The steam dragon is moderately wounded.
An endoplasm comes into view.
The steam dragon breathes steam at you. The ball of steam hits you!
* * * LOW HITPOINT WARNING * * *
The endoplasm quivers.
It was a potion of degeneration.
There was something very wrong with that liquid.
You feel weakened.
You feel dopey.
You feel clumsy.
You are engulfed in a cloud of scalding steam.
The steam dragon barely misses you. The steam dragon closely misses you.
A dart slug comes into view.
The steam dragon barely misses you. The steam dragon claws you.
* * * LOW HITPOINT WARNING * * *
It was a potion of enlightenment.
You feel very buoyant.
You fly up into the air.
You block the steam dragon's attack.
The steam dragon claws you but does no damage.
It was a potion of invisibility.
You fade into invisibility!
The steam dragon begins to attack, but is stunned by your conviction!
You catch the helpless steam dragon completely off-guard!
You hit the steam dragon. Your headbutt misses the steam dragon.
The steam dragon is moderately wounded.
The steam dragon breathes steam at you. The ball of steam hits you!
You die...

.. ........# .##
... #.......###..
>..##.?..........
#.........#...#
##........#.w.#
##.............
#...........# .#.
#...<...@##...J.
#.##.....D..#
#............#
...........##..<.#
............#.....
##................
##.....###.......
##....# .......
###..# .....


You could see a steam dragon (unable to see you, catching breath) and a dart
slug (unable to see you).

Vanquished Creatures
  An orc wizard (D:3)
  Terence (D:3)
  3 adders
  An ufetubus (D:3)
  2 dart slugs (D:3)
  9 orcs (D:3)
  4 ball pythons
  4 bats
  9 endoplasms
  2 giant cockroaches (D:1)
  5 goblins
  5 hobgoblins
  4 jackals (D:2)
  3 quokkas
  4 frilled lizards
  4 kobolds
61 creatures vanquished.

Notes
Turn   | Place    | Note
-------+----------+-------------------------------------------
     0 | D:1      | MisterAzrael the Minotaur Fighter began the quest for the
                  | Orb.
     0 | D:1      | Reached XP level 1. HP: 19/19 MP: 0/0
    83 | D:1      | Reached skill level 3 in Long Blades
   137 | D:1      | Reached XP level 2. HP: 10/26 MP: 1/1
   238 | D:1      | Found a faded altar of an unknown god.
   262 | D:1      | Prayed at the altar of an unknown god.
   262 | D:1      | Became a worshipper of Ru the Awakened
   280 | D:1      | Gained mutation: You are hated by all. [Ru sacrifice]
   280 | D:1      | Reached * piety under Ru
   280 | D:1      | Reached ** piety under Ru
   354 | D:1      | Reached skill level 4 in Long Blades
   723 | D:2      | Reached XP level 3. HP: 31/31 MP: 2/2
   766 | D:2      | Identified the +1 dagger of Impatience {heavy, rF+ rC+++
                  | Will- rCorr}
  1330 | D:2      | Reached skill level 5 in Long Blades
  1499 | D:3      | Reached XP level 4. HP: 32/39 MP: 3/3
  1636 | D:3      | Reached skill level 1 in Throwing
  1680 | D:3      | Found Etoifebb's One-of-a-Kind Rings.
  1685 | D:3      | Bought a +2 ring of slaying for 210 gold pieces
  1833 | D:3      | Noticed Terence
  1834 | D:3      | Killed Terence
  2035 | D:3      | Reached XP level 5. HP: 40/45 MP: 4/4
  2056 | D:3      | Reached skill level 6 in Long Blades
  2203 | D:4      | Noticed a steam dragon
  2215 | D:4      | Killed from afar by a steam dragon

Illustrated notes

Levels and vault maps discovered:
D:1:      shiori_shiawase, layout_rooms, basic_ecumenical_altar,
          minmay_misc_feat_x
D:2:      layout_loops_corners, kennysheep_generic_room_11
D:3:      layout_loops_ring, nicolae_shop_unique_rings, minivault_27,
          grunt_ministairs_1, uniq_terence
D:4:      layout_cave_pools, nicolae_yredelemnul_ghost_church,
          amcnicky_altar_gilded, uniq_grinder, uniq_crazy_yiuf_cottage

Skill      XL: |  1  2  3  4  5 |
---------------+----------------+-----
Long Blades    | 3 4 5 6 |  6.0
Throwing       | 1 |  1.8
Fighting       | |  3.6
Armour         | |  3.6
Shields        | |  3.6

Action                     |  1- 3 |  4- 6 || total
---------------------------+-------+-------++-------
  Melee: Long sword        |   102 |    46 ||   148
         Headbutt          |    10 |    10 ||    20
 Invoke: Sacrifice Love    |     1 |       ||     1
    Use: Potion            |       |     3 ||     3
   Stab: Distracted        |     1 |       ||     1
         Invisible         |       |     1 ||     1
 Armour: Scale mail        |    51 |    18 ||    69
  Dodge: Dodged            |    50 |    20 ||    70
  Block: Buckler           |    19 |       ||    19
         Kite shield       |       |    18 ||    18

Table legend: (Time is in decaauts)
 A = Elapsed time spent in this place.
 B = Non-inter-level travel time spent in this place.
 C = Inter-level travel time spent in this place.
 D = Time resting spent in this place.
 E = Time spent auto-exploring this place.
 F = Levels seen in this place.
 G = Mean time per level.
                   A        B        C        D        E       F      G
               +--------+--------+--------+--------+--------+-----+--------+
         Total |   2246 |   2131 |    115 |     75 |   1621 |   4 |  561.5 |
       Dungeon |   2246 |   2131 |    115 |     75 |   1621 |   4 |  561.5 |
               +--------+--------+--------+--------+--------+-----+--------+

Top non-repeatable levels by time:
     D:2: 927 daAuts
     D:3: 743 daAuts
     D:1: 563 daAuts
     D:4: 12 daAuts
